 Dungeon Crawl Stone Soup version 0.31-a0-859-g9dce7d3444 (webtiles) character file.

Game seed: 7193904590399215611

86 Shayle the Ruffian (level 4, -4/34 HPs)
             Began as a Human Shapeshifter on Oct 9, 2023.
             Slain by Grinder (7 damage)
             ... on level 3 of the Dungeon.
             The game lasted 00:06:18 (2387 turns).

Shayle the Ruffian (Human Shapeshifter)             Turns: 2387, Time: 00:06:19

Health: -4/34      AC:  4    Str: 15    XL:     4   Next: 78%
Magic:  4/4        EV: 17    Int: 18    God:
Gold:   88         SH:  0    Dex: 12    Spells: 3/3 levels left

rFire   + .          .
                       - Unarmed
rCold   + . .        (no shield)
rNeg    . . .        i - +2 animal skin
rPois   +            (helmet currently unavailable)
rElec   +            (cloak currently unavailable)
rCorr   +            (gloves currently unavailable)
SInv    .            (boots currently unavailable)
Will    .....        (no amulet)
Stlth   +            p - +6 ring of intelligence
HPRegen 0.25/turn    e - +5 ring of evasion
MPRegen 0.09/turn

%: no passive effects
@: mighty, beast-form, resistant
A: beast (slay +2)
a: Begin Untransformation


You were on level 3 of the Dungeon.
You were a hulking beast.
You visited 1 branch of the dungeon, and saw 3 of its levels.

You collected 88 gold pieces.

Inventory:

Armour
 i - a +2 animal skin (worn)
 k - a +0 pair of gloves
 s - a +0 helmet
Jewellery
 e - a +5 ring of evasion (right hand)
 p - a +6 ring of intelligence (left hand)
Talismans
 c - a beast talisman (active)
 d - a flux talisman
Scrolls
 f - 2 scrolls of enchant armour
 h - a scroll of identify
 j - a scroll of fear {unknown}
 n - a scroll of amnesia {unknown}
 o - a scroll of enchant weapon {unknown}
Potions
 g - a potion of curing
 r - a potion of attraction {unknown}


   Skills:
 + Level 2.5 Fighting
 - Level 2.0 Dodging
 + Level 3.8 Unarmed Combat
 + Level 3.6 Shapeshifting


You had 3 spell levels left.
You didn't know any spells.
Your spell library was empty.

Dungeon Overview and Level Annotations

Branches:
Dungeon (3/15)

Altars:
Cheibriados

Annotations:
D:3 Grinder


Message History

You hit Grinder.
Grinder is moderately wounded.
Grinder blinks!
Unknown command.
There is a stone staircase leading up here.
Grinder gestures at you.
You barely resist. You hit Grinder.
Grinder is moderately wounded.
Grinder gestures at you. Pain shoots through your body!
You hit Grinder. You punch Grinder, but do no damage.
Grinder is moderately wounded.
You closely miss Grinder.
Grinder is moderately wounded.
Grinder completely misses you.
You hit Grinder.
Grinder is moderately wounded.
Grinder gestures at you. Pain shoots through your body!
Unknown command.
It was a potion of resistance.
You feel protected. Grinder hits you!
You writhe in agony.
* * * LOW HITPOINT WARNING * * *
It was a potion of might.
You feel very mighty all of a sudden. Grinder gestures at you.
You barely resist. You punch Grinder!
Grinder is heavily wounded.
Grinder gestures at you. Pain shoots through your body!
* * * LOW HITPOINT WARNING * * *
Unknown command.
You closely miss Grinder.
Grinder is heavily wounded.
Grinder hits you!
You die...
Grinder says, "Now the real fun starts!"

..... ... .o.
... #.# # #
#.# .#.
#.####)# #...
#..h.#.##5...
####5.......#
###..........
#.......##...
#...<.### ..
#5....#
#.....#
.....###
####..


You could see Grinder.

Vanquished Creatures
  Robin (D:2)
  2 adders (D:2)
  A worm (D:2)
  An orc (D:3)
  A bat (D:2)
  6 endoplasms (D:1)
  3 giant cockroaches (D:1)
  10 goblins (D:2)
  4 hobgoblins
  2 jackals (D:1)
  A quokka (D:2)
  4 ball pythons
  3 frilled lizards
  7 kobolds
  2 rats
48 creatures vanquished.

Notes
Turn   | Place    | Note
-------+----------+-------------------------------------------
     0 | D:1      | Shayle the Human Shapeshifter began the quest for the Orb.
     0 | D:1      | Reached XP level 1. HP: 15/15 MP: 1/1
   231 | D:1      | Reached XP level 2. HP: 21/21 MP: 2/2
   482 | D:1      | Reached XP level 3. HP: 27/27 MP: 3/3
  1097 | D:2      | Found a faded altar of an unknown god.
  1269 | D:2      | Reached XP level 4. HP: 29/33 MP: 4/4
  1361 | D:2      | Found a snail-covered altar of Cheibriados.
  1800 | D:3      | Noticed Grinder
  1893 | D:3      | Noticed Robin
  2127 | D:2      | Killed Robin
  2365 | D:3      | Paralysed by Grinder for 5 turns
  2387 | D:3      | Slain by Grinder

Illustrated notes

Levels and vault maps discovered:
D:1:      dpeg_arrival_erosion, layout_loops_ring, nrook_campfire
D:2:      kennysheep_the_goblin_king, layout_basic, basic_altar,
          dreamdust_ecumenical_altar_hidden_monk_grotto
D:3:      layout_rooms, grunt_temple_overflow_gold_and_silver, uniq_robin,
          uniq_grinder

Skill      XL: |  1  2  3 |
---------------+----------+-----
Fighting       | 2 |  2.5
Dodging        | |  2.0
Unarmed Combat | |  3.8
Shapeshifting  | |  3.6

Action                     |  1- 3 |  4- 6 || total
---------------------------+-------+-------++-------
  Melee: Unarmed           |    92 |    57 ||   149
         Punch             |     1 |     3 ||     4
  Throw: Throwing net      |       |     1 ||     1
    Use: Potion            |     2 |     3 ||     5
         Scroll            |       |     2 ||     2
   Stab: Sleeping          |     1 |     1 ||     2
 Armour: Animal skin       |    31 |    28 ||    59
         Skin              |     3 |       ||     3
  Dodge: Dodged            |    56 |    42 ||    98

Table legend: (Time is in decaauts)
 A = Elapsed time spent in this place.
 B = Non-inter-level travel time spent in this place.
 C = Inter-level travel time spent in this place.
 D = Time resting spent in this place.
 E = Time spent auto-exploring this place.
 F = Levels seen in this place.
 G = Mean time per level.
                   A        B        C        D        E       F      G
               +--------+--------+--------+--------+--------+-----+--------+
         Total |   2378 |   1988 |    390 |    185 |   1326 |   3 |  792.7 |
       Dungeon |   2378 |   1988 |    390 |    185 |   1326 |   3 |  792.7 |
               +--------+--------+--------+--------+--------+-----+--------+

Top non-repeatable levels by time:
     D:2: 1405 daAuts
     D:1: 933 daAuts
     D:3: 39 daAuts
